 Dungeon Crawl Stone Soup version 0.30-a0-883-g5ad918d77d (webtiles) character file.

Game seed: 3190461673172383460

254821 Zeldest the Necromancer (level 19, -9/143 HPs)
             Began as a Mummy Reaver on Mar 17, 2023.
             Was the Champion of Fedhas.
             Shot with an arrow by a deep elf archer (19 damage)
             ... on level 3 of the Elven Halls on Mar 18, 2023.
             The game lasted 04:12:41 (50304 turns).

Zeldest the Necromancer (Mummy Reaver)             Turns: 50304, Time: 04:12:42

Health: -9/143     AC: 10    Str: 16    XL:     19   Next: 3%
Magic:  16/34      EV: 11    Int: 20    God:    Fedhas [******]
Gold:   901        SH:  0    Dex: 10    Spells: 2/40 levels left

rFire   . . .      SeeInvis +    M - staff of air
rCold   + + .      Faith    +    (no shield)
rNeg    + + +      Spirit   .    Q - +2 robe {Will+}
rPois   ∞          Reflect  .    B - +1 helmet
rElec   +          Rampage  .    O - scarf {rC+ rF+}
rCorr   .                        d - +2 pair of gloves
Will    +++..                    z - +0 pair of boots of the Blizzard {Fly Regen+}
Stlth   +                        g - amulet of magic regeneration
HPRegen 1.23/turn                n - ring of wizardry
MPRegen 0.64/turn                e - ring of see invisible

@: flying
A: cold resistance 1, negative energy resistance 3, torment resistance 2, heat
vulnerability 1, in touch with death 2, no potions, faith
}: 2/15 runes: serpentine, barnacled
a: Renounce Religion, Wall of Briars, Grow Ballistomycete, Overgrow, Grow Oklob


You were on level 3 of the Elven Halls.
You worshipped Fedhas.
Fedhas was exalted by your worship.
You visited 6 branches of the dungeon, and saw 33 of its levels.
You visited 1 bazaar.
You also visited: Gauntlet and Ice Cave.

You collected 3265 gold pieces.
You spent 2364 gold pieces at shops.

Inventory:

Hand Weapons
 a - a +1 demon whip of electrocution
Missiles
 G - 3 curare-tipped darts
 H - 6 throwing nets
Armour
 d - a +2 pair of gloves (worn)
 f - an orb of mayhem
 m - a +2 robe of the Archmagi
 z - the +0 pair of boots of the Blizzard (worn) {Fly Regen+}
   (You acquired it on level 5 of the Lair of Beasts)

   Fly:       It grants you flight.
   Regen:     It increases your rate of health regeneration.
 B - a +1 helmet (worn)
 L - a +0 kite shield of reflection
 O - a scarf of resistance (worn)
 Q - a +2 robe of willpower (worn)
 U - a +0 pair of gloves of hurling
 W - a +2 buckler of fire resistance
Magical Staves
 F - a staff of fire
 M - a staff of air (weapon)
 X - a staff of death
Jewellery
 e - a ring of see invisible (right hand)
 g - an amulet of magic regeneration (around neck)
 n - a ring of wizardry (left hand)
 o - a ring of flight
 v - a +4 ring of slaying
 E - a ring of ice
Wands
 q - a wand of mindburst (25)
 t - a wand of digging (3)
 u - a wand of flame (53)
 w - a wand of polymorph (2)
 D - a wand of paralysis (3)
 I - a wand of iceblast (16)
 N - a wand of quicksilver (6)
Scrolls
 b - 22 scrolls of identify
 c - 5 scrolls of enchant weapon
 h - 4 scrolls of immolation
 i - 8 scrolls of magic mapping
 j - 4 scrolls of enchant armour
 k - 2 scrolls of fog
 p - 4 scrolls of teleportation
 r - 4 scrolls of vulnerability
 s - 3 scrolls of torment
 x - 5 scrolls of brand weapon
 y - 2 scrolls of silence
 A - 7 scrolls of noise
 P - 3 scrolls of fear
 R - 2 scrolls of poison
Miscellaneous
 C - a condenser vane
 K - a box of beasts
 S - a tin of tremorstones (2/2)
 V - a phial of floods


   Skills:
 - Level 11.1 Fighting
 - Level 2.4 Short Blades
 - Level 1.5 Dodging
 - Level 11.0 Spellcasting
 + Level 8.6 Conjurations
 - Level 14.9 Summonings
 - Level 16.9 Necromancy
 - Level 10.2 Translocations
 - Level 5.0 Transmutations
 - Level 4.0 Ice Magic
 * Level 4.3 Earth Magic
 - Level 12.6 Invocations


You had 2 spell levels left.
You knew the following spells:

 Your Spells              Type           Power      Damage    Failure   Level
a - Haunt                 Necr/Summ      53%        N/A       3%          7
b - Blink                 Tloc           100%       N/A       1%          2
c - Kiss of Death         Conj/Necr      100%       2d13      1%          1
d - Spellforged Servitor  Conj/Summ      27%        N/A       16%         7
e - Infestation           Necr           54%        N/A       16%         8
f - Iron Shot             Conj/Erth      18%        9d4       26%         6
g - Malign Gateway        Summ/Tloc      28%        N/A       12%         7

Your spell library contained the following spells:

 Spells                   Type           Power      Damage    Failure   Level
 Apportation              Tloc           100%       N/A       1%          1
 Magic Dart               Conj           100%       1d8       1%          1
 Sandblast                Erth           56%        2d13      1%          1
 Sting                    Tmut/Pois      84%        1d7       1%          1
 Momentum Strike          Conj/Tloc      96%        3d10      1%          2
 Passwall                 Tmut/Erth      24%        N/A       1%          2
 Searing Ray              Conj           90%        2d7       1%          2
 Poisonous Vapours        Pois/Air       32%        N/A       4%          2
 Dazzling Flash           Conj/Hex       56%        N/A       1%          3
 Hailstorm                Conj/Ice       36%        3d9       1%          3
 Ozocubu's Armour         Ice            27%        N/A       1%          3
 Portal Projectile        Hex/Tloc       62%        N/A       1%          3
 Animate Armour           Summ/Erth      98%        N/A       1%          4
 Animate Dead             Necr           100%       N/A       1%          4
 Manifold Assault         Tloc           51%        N/A       1%          4
 Agony                    Necr           100%       N/A       1%          5
 Iskenderun's Battlesphe  Conj           45%        2d10      1%          5
 Flame Wave               Conj/Fire      28%        2d9       4%          4
 Fulminant Prism          Conj/Hex       14%        3d9       4%          4
 Petrify                  Tmut/Erth      29%        N/A       4%          4
 Sticky Flame             Conj/Fire      28%        2d5       4%          4
 Irradiate                Conj/Tmut      19%        3d18      4%          5
 Simulacrum               Ice/Necr       43%        N/A       5%          6
 Inner Flame              Hex/Fire       11%        N/A       8%          3
 Tukima's Dance           Hex            11%        N/A       8%          3
 Leda's Liquefaction      Hex/Erth       9%         N/A       11%         4
 Olgreb's Toxic Radiance  Pois           11%        N/A       24%         4
 Alistair's Intoxication  Tmut/Pois      14%        N/A       24%         5
 Yara's Violent Unravell  Hex/Tmut       10%        3d6       24%         5
 Metabolic Englaciation   Hex/Ice        9%         N/A       28%         5
 Summon Horrible Things   Summ           31%        N/A       32%         8
 Silence                  Hex/Air        8%         N/A       52%         5
 Eringya's Noxious Bog    Tmut/Pois      10%        N/A       77%         6
 Discord                  Hex            5%         N/A       100%        8
 Shatter                  Erth           14%        3d14*     100%        9
 Sublimation of Blood     Necr           Unusable   N/A       N/A         2
 Ice Form                 Ice/Tmut       Unusable   N/A       N/A         4
 Blade Hands              Tmut           Unusable   N/A       N/A         5
 Statue Form              Tmut/Erth      Unusable   N/A       N/A         6
 Necromutation            Tmut/Necr      Unusable   N/A       N/A         8
 Storm Form               Tmut/Air       Unusable   N/A       N/A         7

Dungeon Overview and Level Annotations

Branches:
Dungeon (15/15) Zot: 24859  Temple (0/1) D:5            Lair (5/5) D:10 Zot: 21048
 Shoals (4/4) Lair:3 Zot: 19363   Snake (4/4) Lair:2 Zot: 17483   Slime (0/5) Lair:4
    Orc (2/2) D:9 Zot: 9023     Elf (3/3) Orc:2 Zot: 14241  Vaults (0/5) D:14
 Depths (0/4) D:15          IceCv (visited)         Gauntlet (visited)

Altars:
Ashenzari
Cheibriados
Dithmenos
Fedhas
Gozag
Kikubaaqudgha
Sif Muna
Trog
Vehumet
Wu Jian
Xom
Yredelemnul

Shops:
D:5 [(*   Orc:2 ([?(   Elf:1 *   Elf:2 :==   Shoals:2 ?   Snake:2 !(
Snake:3 =!(=*

Annotations:
D:4 2 transporters
D:9 4 transporters
D:11 2 transporters, Firecrotchwizard's ghost, journeyman TeBe
D:12 2 runed translucent doors, Newt's ghost, journeyman DsGl
D:13 2 transporters, exclusion: orange crystal statue, baller8008's ghost, journeyman DjFE
Lair:1 exclusion: door
Lair:3 1 runed translucent door, Fiji Kou's ghost, journeyman FeSu
Lair:5 exclusion: door
Orc:2 3 runed translucent doors, Newt's ghost, journeyman DsGl
Elf:2 3 runed translucent doors


Innate Abilities, Weirdness & Mutations

You are immune to poison.
Your flesh is cold resistant. (rC+)
You are immune to negative energy. (rN+++)
You are immune to unholy pain and torment.
You are vulnerable to heat. (rF-)
You are strongly in touch with the powers of death.
You do not drink.
You have a special connection with the divine. (Faith)


Message History

Wisps of shadow whirl around you...
Your death scarab barely misses the deep elf elementalist.
The deep elf elementalist mumbles some strange words.
The deep elf elementalist seems to speed up.
You hear a loud twanging sound.
The arrow hits your spellforged servitor!!
The earth elemental closely misses your deep elf zephyrmancer.
The earth elemental hits your briar patch!
Your wraith hits the deep elf elementalist!
The deep elf elementalist dies!
Fedhas appreciates your contribution to the ecosystem.
The earth elemental disappears in a puff of smoke! x5
A death scarab bursts from the deep elf elementalist!
Okay, then.
Okay, then.
Okay, then.
Aiming: Dig
Press: ? - help, Shift-Dir - straight line A rock wall.
The rock shatters into small pieces.
You hear a loud twanging sound. x2
A deep elf annihilator comes into view. It is wielding a +0 dagger.
Your wraith barely misses the deep elf annihilator.
Your deep elf zephyrmancer gestures wildly while chanting.
Your deep elf zephyrmancer blinks!
Aiming: Dig
Press: ? - help, Shift-Dir - straight line You can't see that place.
The rock shatters into small pieces.
The deep elf archer shouts!
The deep elf archer unwields a +0 rapier.
The deep elf archer wields a +0 shortbow.
The deep elf archer shoots an arrow.
The arrow hits you.
* * * LOW HITPOINT WARNING * * *
The deep elf archer shoots an arrow.
The arrow hits you!!
* * * LOW HITPOINT WARNING * * *
There is a stone staircase leading up here.
The deep elf archer shoots an arrow.
The arrow hits you!!
You die...
Fedhas appreciates your contribution to the ecosystem.

##.## ##.#
#.## ##.# #.##
##.###
#####...###
#..........#
###.....@..#
#.........#
#.............
#.........####
#........##
..e......##
........##
###.#####


You could see a deep elf archer (repels missiles).

Vanquished Creatures
  Jorgrun (Shoals:1)
  Asterion (Snake:2)
  An orc warlord (D:9)
  A minotaur (Gauntlet)
  A merfolk impaler (Shoals:1)
  Josephine (D:10)
  Harold (Lair:1)
  4 hydras
  2 catoblepae
  Erolcha (D:9)
  An anaconda (Snake:1)
  5 centaur warriors
  2 boulder beetles
  Erica (Lair:1)
  2 alligators (Lair:1)
  4 two-headed ogres
  A dancing weapon (Elf:1)
  3 shock serpents
  Sonja (D:12)
  A skyshark (Lair:5)
  A spark wasp zombie (D:15)
  3 nameless horrors
  4 sea snakes
  A storm dragon skeleton (D:15)
  A skeletal warrior (D:15)
  A flayed ghost (D:15)
  2 wizards
  A harpy (Shoals:1)
  An orc knight (Orc:1)
  2 mana vipers
  2 ugly things (D:14)
  A deep elf pyromancer (Elf:1)
  2 cyclopes (D:14)
  A necromancer (D:15)
  2 orc sorcerers
  A deep elf zephyrmancer (Elf:1)
  9 elephants
  2 merfolk sirens
  11 black mambas
  A naga mage (Snake:1)
  4 cane toads
  An unseen horror (shapeshifter) (D:15)
  An unseen horror (D:10)
  2 rime drakes (Lair:5)
  Maggie (D:6)
  3 efreet
  2 trolls
  5 komodo dragons
  Grinder (D:3)
  A hornet (Lair:1)
  A merfolk (Shoals:3)
  6 blink frogs
  3 dream sheep (Lair:5)
  An air elemental (Elf:3)
  A snapping turtle (Shoals:3)
  4 slime creatures (Lair:4)
  A spriggan zombie (D:15)
  Sigmund (D:5)
  5 vampires
  A spriggan (shapeshifter) (D:13)
  4 wraiths
  13 yaks
  4 wyverns
  Eustachio (D:6)
  A yak (shapeshifter) (D:13)
  Grum (Lair:1)
  4 humans (D:7)
  2 basilisks
  A steam dragon (D:10)
  10 vampire mosquitoes
  4 wargs
  12 water moccasins
  4 nagas
  3 acid dragons
  An alligator simulacrum (IceCv)
  2 ice beasts
  3 black bears
  28 orc warriors
  5 ogres
  16 wolves
  A boggart (Elf:1)
  5 centaurs
  A kobold brigand (D:7)
  10 bullfrogs
  Blork the orc (D:5)
  3 gnoll sergeants
  6 scorpions
  4 wights (D:7)
  31 killer bees
  3 electric eels
  9 howler monkeys
  3 hounds
  14 orc priests
  Crazy Yiuf (D:4)
  3 iguanas
  38 orc wizards
  A boggart simulacrum (D:14)
  13 gnolls
  6 adders
  A shadow imp (D:7)
  2 white imps
  An ufetubus (D:5)
  A worm (D:2)
  2 dart slugs (D:2)
  94 orcs
  4 bats (D:1)
  7 endoplasms
  5 giant cockroaches
  6 goblins
  5 hobgoblins
  6 jackals
  8 quokkas
  7 ball pythons
  4 frilled lizards
  12 kobolds
  3 rats
569 creatures vanquished.

Vanquished Creatures (collateral kills)
  An eldritch tentacle (Snake:4)
  Roxanne (Snake:3)
  Donald (Shoals:1)
  Ilsuiw (Shoals:2)
  6 nagarajas (Snake:4)
  Aizul (Snake:1)
  An orc warlord (Orc:2)
  Louise (Snake:2)
  A very ugly thing (IceCv)
  2 deep elf elementalists (Elf:3)
  3 deep elf demonologists
  A dire elephant (Lair:5)
  A deep elf annihilator (Elf:1)
  A deep elf death mage (Elf:1)
  2 blizzard demons (IceCv)
  5 merfolk impalers
  5 merfolk javelineers
  An alligator snapping turtle (Shoals:1)
  4 salamander tyrants (Snake:4)
  A caustic shrike simulacrum (IceCv)
  6 anacondas
  A hydra (Lair:5)
  5 merfolk avatars
  An ogre mage (D:15)
  A merfolk aquamancer (Shoals:4)
  17 dancing weapons
  2 two-headed ogres (D:15)
  A boulder beetle (Lair:1)
  A centaur warrior (Shoals:3)
  17 naga warriors
  2 satyrs (Shoals:3)
  15 naga sharpshooters
  9 shock serpents
  9 deep elf knights
  3 skysharks
  2 fire crabs (Shoals:3)
  9 salamander mystics
  A skeletal warrior (D:15)
  12 nameless horrors
  6 naga ritualists
  9 sea snakes
  7 deep elf archers
  An obsidian statue (IceCv)
  A wizard (Elf:1)
  5 spriggan simulacra (IceCv)
  6 mana vipers
  7 harpies
  18 deep elf pyromancers
  26 deep elf zephyrmancers
  8 ugly things
  An elephant (Lair:4)
  41 salamanders
  A manticore (shapeshifter) (D:14)
  14 fauns
  3 cyclopes (Shoals:4)
  9 manticores
  13 naga magi
  14 merfolk sirens
  A frost giant skeleton (D:15)
  6 guardian serpents
  20 black mambas
  4 water nymphs
  2 cane toads (Lair:5)
  A rime drake (Lair:5)
  5 komodo dragons
  12 ice devils (IceCv)
  3 freezing wraiths (IceCv)
  2 anaconda simulacra (IceCv)
  3 trolls
  A queen bee (Gauntlet)
  3 wind drakes
  23 merfolk
  4 blink frogs
  10 dream sheep
  3 snapping turtles
  9 water elementals
  An air elemental (Elf:1)
  A yak (shapeshifter) (Elf:2)
  A basilisk (Lair:5)
  7 yaks
  2 fire elementals
  2 fire bats (Shoals:3)
  A vampire (D:14)
  A human (D:7)
  7 minotaur simulacra (IceCv)
  A vampire mosquito (D:7)
  31 nagas
  A warg (D:9)
  3 water moccasins (Lair:5)
  2 hydra simulacra (IceCv)
  10 orc warriors (Orc:2)
  A boggart (Elf:1)
  An ettin simulacrum (IceCv)
  A wolf (Lair:1)
  2 alligator simulacra (IceCv)
  3 ogres
  A bullfrog (Lair:3)
  2 earth elementals
  9 deep troll simulacra (IceCv)
  A wight (D:7)
  A killer bee (Gauntlet)
  2 electric eels (Snake:1)
  A howler monkey (D:7)
  2 lava snakes (Snake:3)
  An orc priest (Orc:2)
  2 orc wizards
  10 orcs
  25 ballistomycete spores
592 creatures vanquished.

Vanquished Creatures (others)
  4 eldritch tentacles
  A deep elf annihilator (Elf:3)
  An anaconda zombie (Snake:4)
  A deep elf pyromancer (Elf:1)
  A deep elf zephyrmancer (Elf:1)
  3 shock serpent zombies (Snake:4)
  2 harpy zombies (Shoals:2)
  A human zombie (Snake:2)
  A guardian serpent zombie (Snake:3)
  7 black mamba zombies
  A naga (Snake:3)
  A two-headed ogre zombie (D:15)
  4 blink frog zombies (Lair:5)
  2 elephant zombies (Lair:4)
  2 wolves (Lair:1)
  4 salamander zombies
  3 water moccasin zombies
  2 wyvern zombies
  A yak zombie (Lair:5)
  2 orc wizards
  11 naga zombies
  An ogre zombie (D:15)
  A ballistomycete spore (D:8)
  A bush (Lair:4)
  23 fungi
  126 plants
  10 withered plants (D:15)
217 creatures vanquished.

Grand Total: 1378 creatures vanquished

Notes
Turn   | Place    | Note
-------+----------+-------------------------------------------
     0 | D:1      | Zeldest the Mummy Reaver began the quest for the Orb.
     0 | D:1      | Reached XP level 1. HP: 16/16 MP: 4/4
   158 | D:1      | Reached XP level 2. HP: 21/22 MP: 5/5
   996 | D:2      | Reached skill level 1 in Invocations
  1033 | D:2      | Gained mutation: You are in touch with the powers of death.
                  | [Mummy growth]
  1033 | D:2      | Reached XP level 3. HP: 28/28 MP: 7/7
  1890 | D:3      | Reached XP level 4. HP: 32/34 MP: 9/9
  2238 | D:4      | Found a transporter.
  2252 | D:4      | Found a transporter.
  2252 | D:4      | Noticed a kobold brigand
  2252 | D:4      | Noticed a centaur
  2404 | D:3      | Found a broken altar of Ashenzari.
  2405 | D:3      | Found a radiant altar of Vehumet.
  2409 | D:3      | Found a snail-covered altar of Cheibriados.
  2411 | D:3      | Found a shimmering altar of Xom.
  2413 | D:3      | Found a bloodstained altar of Trog.
  2414 | D:3      | Found a shimmering blue altar of Sif Muna.
  2417 | D:3      | Found a basalt altar of Yredelemnul.
  2419 | D:3      | Found an ornate altar of the Wu Jian Council.
  2455 | D:3      | Found a blossoming altar of Fedhas.
  2476 | D:3      | Became a worshipper of Fedhas Madash
  2669 | D:3      | Reached XP level 5. HP: 41/41 MP: 3/10
  2731 | D:3      | Noticed Grinder
  3079 | D:4      | Found a runed translucent door.
  3080 | D:4      | Noticed Crazy Yiuf
  3761 | D:5      | Entered Level 5 of the Dungeon
  3773 | D:5      | Noticed Blork the orc
  3835 | D:5      | Killed Blork the orc
  3900 | D:5      | Reached * piety under Fedhas
  3901 | D:5      | Reached XP level 6. HP: 40/48 MP: 3/11
  4167 | D:5      | Found Ydagod's General Store.
  4206 | D:5      | Found Pelyj's Antique Armour Emporium.
  4446 | D:5      | Found a staircase to the Ecumenical Temple.
  4492 | D:5      | Reached skill level 1 in Necromancy
  4522 | D:5      | Found Abruplub's Weapon Boutique.
  4527 | D:5      | Reached XP level 7. HP: 50/51 MP: 12/12
  4782 | D:5      | Noticed Sigmund
  4804 | D:6      | Reached skill level 2 in Necromancy
  4921 | D:6      | Reached skill level 5 in Fighting
  5013 | D:6      | Reached ** piety under Fedhas
  5249 | D:6      | Reached skill level 3 in Necromancy
  5362 | D:6      | Reached XP level 8. HP: 51/53 MP: 13/13
  5446 | D:6      | Noticed Eustachio
  5514 | D:6      | Found a shadowy altar of Dithmenos.
  5525 | D:6      | Learned a level 3 spell: Hailstorm
  5561 | D:6      | Killed Eustachio
  5832 | D:6      | Reached skill level 5 in Invocations
  5876 | D:6      | Reached skill level 4 in Necromancy
  6054 | D:6      | You fall into a shaft and drop 1 floor!
  6265 | D:6      | Noticed Maggie
  6440 | D:7      | Reached skill level 5 in Spellcasting
  6591 | D:7      | Reached XP level 9. HP: 68/71 MP: 17/17
  6612 | D:7      | Reached *** piety under Fedhas
  6708 | D:7      | Reached skill level 1 in Ice Magic
  7887 | D:8      | Noticed a two-headed ogre
  7905 | D:8      | Killed a two-headed ogre
  7906 | D:8      | Reached XP level 10. HP: 49/80 MP: 3/21
  8138 | D:7      | Reached **** piety under Fedhas
  8573 | D:9      | Found a transporter.
  8575 | D:9      | Found a transporter.
  8577 | D:9      | Found a transporter.
  8577 | D:9      | Found a transporter.
  8636 | D:9      | Noticed Erolcha
  8666 | D:9      | Killed Erolcha
  9008 | D:9      | Found an ancient bone altar of Kikubaaqudgha.
  9064 | D:9      | Reached skill level 5 in Necromancy
  9622 | D:9      | Found a staircase to the Orcish Mines.
 10078 | D:10     | Entered Level 10 of the Dungeon
 10078 | D:10     | Found a staircase to the Lair.
 10417 | D:10     | Reached skill level 6 in Necromancy
 10432 | D:10     | Reached XP level 11. HP: 76/89 MP: 23/23
 10463 | D:10     | Found an opulent altar of Gozag.
 10481 | D:10     | Reached ***** piety under Fedhas
 10642 | D:10     | Noticed Josephine
 10663 | D:10     | Killed Josephine
 10972 | D:5      | Bought a book of Death for 484 gold pieces
 11324 | D:11     | Reached skill level 1 in Summonings
 11343 | D:11     | Reached skill level 7 in Necromancy
 11665 | D:11     | Found a bloodstained altar of Trog.
 11665 | D:11     | Noticed Firecrotchwizard's ghost (journeyman TeBe)
 11666 | D:11     | Noticed a two-headed ogre
 11671 | D:11     | Found a transporter.
 11935 | D:11     | Noticed a tengu warrior
 11984 | D:11     | Found a transporter.
 12253 | Lair:1   | Entered Level 1 of the Lair of Beasts
 12253 | Lair:1   | Noticed a boulder beetle
 12261 | Lair:1   | Killed a boulder beetle
 12273 | Lair:1   | Reached skill level 8 in Necromancy
 12289 | Lair:1   | Noticed Erica
 12322 | Lair:1   | Killed Erica
 12410 | Lair:1   | Noticed an oklob plant
 13026 | Lair:1   | Noticed Grum
 13043 | Lair:1   | Killed Grum
 13141 | Lair:1   | Noticed an alligator
 13141 | Lair:1   | Noticed an alligator
 13456 | D:6      | Killed Maggie
 13664 | D:5      | Reached XP level 12. HP: 76/97 MP: 24/24
 13788 | D:5      | Killed Sigmund
 13950 | D:4      | Killed Crazy Yiuf
 14079 | D:3      | Killed Grinder
 14749 | D:12     | Noticed a lich
 14749 | D:12     | Noticed Newt's ghost (journeyman DsGl)
 14750 | D:12     | Noticed a centaur warrior
 14750 | D:12     | Noticed a storm dragon
 14751 | D:12     | Noticed a fire giant
 14769 | D:12     | Noticed Sonja
 14780 | D:12     | Killed Sonja
 14781 | D:12     | Reached skill level 9 in Necromancy
 15121 | D:12     | Learned a level 7 spell: Haunt
 15283 | D:12     | Reached skill level 5 in Summonings
 15290 | D:12     | Noticed a boulder beetle
 15308 | D:12     | Killed a boulder beetle
 15353 | D:12     | Found a runed translucent door.
 15395 | D:12     | Found a runed translucent door.
 16078 | Orc:1    | Entered Level 1 of the Orcish Mines
 16424 | Orc:1    | Noticed an orc warlord
 16576 | Lair:1   | Killed an alligator
 17000 | Lair:1   | Killed an alligator
 17125 | Lair:1   | Noticed Harold
 17138 | Lair:1   | Killed Harold
 17139 | Lair:1   | Reached skill level 10 in Necromancy
 17515 | Lair:1   | Noticed an anaconda
 17515 | Lair:1   | Noticed a dire elephant
 17819 | Lair:2   | Reached skill level 10 in Invocations
 17903 | Lair:2   | Reached skill level 10 in Fighting
 18197 | Lair:2   | Learned a level 5 spell: Irradiate
 18471 | Lair:2   | Reached skill level 1 in Transmutations
 18711 | Lair:2   | Found a staircase to the Snake Pit.
 18782 | Lair:2   | Learned a level 4 spell: Animate Dead
 19875 | Lair:3   | Found a runed translucent door.
 19876 | Lair:3   | Noticed Fiji Kou's ghost (journeyman FeSu)
 20082 | Lair:3   | Noticed a catoblepas
 20089 | Lair:3   | Killed a catoblepas
 20090 | Lair:3   | Gained mutation: You are strongly in touch with the powers
                  | of death. [Mummy growth]
 20090 | Lair:3   | Reached XP level 13. HP: 66/103 MP: 9/25
 20262 | Lair:3   | Found a staircase to the Shoals.
 20278 | Lair:3   | Reached skill level 5 in Conjurations
 21625 | Lair:4   | Found a staircase to the Slime Pits.
 22166 | Lair:5   | Entered Level 5 of the Lair of Beasts
 22173 | Lair:5   | Reached skill level 11 in Necromancy
 22183 | Lair:5   | Found a gate leading to a gauntlet.
 22268 | Gauntlet | Entered a Gauntlet
 22268 | Gauntlet | Found a transporter.
 22268 | Gauntlet | Found a transporter.
 22279 | Gauntlet | Found a transporter.
 22298 | Gauntlet | Found a transporter.
 22299 | Gauntlet | Found a large runed translucent door.
 22300 | Gauntlet | Found a large runed translucent door.
 22301 | Gauntlet | Found a large runed translucent door.
 22301 | Gauntlet | Found a large runed translucent door.
 22301 | Gauntlet | Found a runed translucent door.
 22302 | Gauntlet | Found a large runed translucent door.
 22303 | Gauntlet | Found a large runed translucent door.
 22304 | Gauntlet | Found a large runed translucent door.
 22304 | Gauntlet | Found a large runed translucent door.
 22305 | Gauntlet | Found a runed translucent gate.
 22305 | Gauntlet | Found a runed translucent gate.
 22307 | Gauntlet | Found a transporter.
 22310 | Gauntlet | Found a transporter.
 22318 | Gauntlet | Noticed a cacodemon
 22320 | Gauntlet | Found a transporter.
 22338 | Gauntlet | Found a runed translucent door.
 22339 | Gauntlet | Found a transporter.
 22340 | Gauntlet | Found a runed translucent door.
 22353 | Gauntlet | Found a transporter.
 22356 | Gauntlet | Found a transporter.
 22364 | Gauntlet | Found a transporter.
 22367 | Gauntlet | Found a transporter.
 22367 | Gauntlet | Found the +3 pair of seven-league boots {Rampage+∞}
 22392 | Gauntlet | Found a large runed translucent door.
 22393 | Gauntlet | Found a large runed translucent door.
 22394 | Gauntlet | Found a large runed translucent door.
 22394 | Gauntlet | Found a large runed translucent door.
 22394 | Gauntlet | Found a runed translucent door.
 22395 | Gauntlet | Found a large runed translucent door.
 22396 | Gauntlet | Found a large runed translucent door.
 22397 | Gauntlet | Found a large runed translucent door.
 22397 | Gauntlet | Found a large runed translucent door.
 22398 | Gauntlet | Found a runed translucent gate.
 22531 | Gauntlet | Noticed a minotaur
 22545 | Gauntlet | Killed a minotaur
 22608 | Gauntlet | Got the Catalogue of Transformed Impurities
 22610 | Gauntlet | Identified the +1 ring mail of Maudwe {rF+}
 22620 | Gauntlet | Got Sif Muna's Spellbook of Guile
 23087 | Lair:5   | Reached skill level 5 in Transmutations
 23087 | Lair:5   | Got the Excursus on Crystalline Graupel
 23585 | Lair:5   | Noticed a dire elephant
 23617 | Lair:5   | Killed a dire elephant
 23757 | Lair:5   | Identified a scroll of acquirement
 24194 | Lair:5   | Reached skill level 12 in Necromancy
 24194 | Lair:5   | Reached XP level 14. HP: 110/110 MP: 20/26
 24716 | D:13     | Noticed baller8008's ghost (journeyman DjFE)
 24718 | D:13     | Found a transporter.
 26699 | D:9      | Killed an orc warlord
 27924 | Orc:2    | Entered Level 2 of the Orcish Mines
 27930 | Orc:2    | Found a staircase to the Elven Halls.
 28202 | Orc:2    | Found a runed translucent gate.
 28202 | Orc:2    | Found a runed translucent gate.
 28207 | Orc:2    | Found a runed translucent gate.
 28210 | Orc:2    | Noticed Newt's ghost (journeyman DsGl)
 28273 | Orc:2    | Found Impoamuf's Antique Weapon Emporium.
 28550 | Orc:2    | Reached ****** piety under Fedhas
 28685 | Orc:2    | Found Jeahef's Magic Scroll Shoppe.
 28693 | Orc:2    | Bought a scroll of poison for 56 gold pieces
 28693 | Orc:2    | Bought a scroll of amnesia for 56 gold pieces
 28735 | Orc:2    | Noticed an orc warlord
 28788 | Orc:2    | Killed an orc warlord
 29002 | Orc:2    | Found Elufoarr's Antique Armour Boutique.
 29005 | Orc:2    | Found Vugao's Antique Weapon Shop.
 29011 | Orc:2    | Bought a pair of masterwork gloves for 237 gold pieces
 29011 | Orc:2    | Identified the +0 pair of gloves "Ontolesch" {*Slow rPois
                  | rC++ Dex+3} (You bought it in a shop on level 2 of the
                  | Orcish Mines)
 29023 | Orc:2    | Bought an ancient leather armour for 175 gold pieces
 29023 | Orc:2    | Identified the +1 leather armour "Dixemnap" {Str+3 Dex+2}
                  | (You bought it in a shop on level 2 of the Orcish Mines)
 29462 | Orc:2    | Bought a scroll of torment for 133 gold pieces
 29462 | Orc:2    | Acquired the +0 pair of boots of the Blizzard {Fly Regen+}
 29823 | D:13     | Found a transporter.
 30120 | D:14     | Reached skill level 13 in Necromancy
 30693 | D:14     | Reached skill level 10 in Spellcasting
 31140 | D:14     | Found a gate to the Vaults.
 31194 | D:15     | Entered Level 15 of the Dungeon
 31708 | D:15     | Reached skill level 10 in Summonings
 31866 | D:15     | Found a staircase to the Depths.
 32581 | D:15     | Reached XP level 15. HP: 115/115 MP: 24/29
 33109 | Snake:1  | Entered Level 1 of the Snake Pit
 33129 | Snake:1  | Reached skill level 14 in Necromancy
 33386 | Snake:1  | Found a snail-covered altar of Cheibriados.
 33772 | Snake:1  | Learned a level 8 spell: Infestation
 33890 | Snake:1  | Noticed Aizul
 33906 | Snake:1  | Killed Aizul
 34212 | Snake:2  | Found Jehid's Antique Weapon Emporium.
 34248 | Snake:2  | Found Dismeune's Distillery.
 34333 | Snake:2  | Noticed Louise
 34547 | Snake:2  | You are sucked into a shaft and drop 1 floor!
 34757 | Snake:2  | Found a flickering gateway to a bazaar.
 34766 | Bazaar   | Entered a bazaar
 34772 | Bazaar   | Found Laucous's Weapon Boutique.
 34796 | Bazaar   | Found Bych's Book Shop.
 34826 | Bazaar   | Found Quntoh's Assorted Antiques.
 34826 | Bazaar   | Found Siemmer's Assorted Antiques.
 34855 | Bazaar   | Bought a Grand Grimoire for 544 gold pieces
 34875 | Bazaar   | Bought a runed helmet for 210 gold pieces
 34886 | Bazaar   | Bought a scroll of blinking for 277 gold pieces
 34985 | Snake:2  | Identified the -1 kite shield "Qeom App" {Harm +Blink MP-9
                  | Slay+5}
 34985 | Snake:2  | Noticed Asterion
 35126 | Shoals:1 | Entered Level 1 of the Shoals
 35709 | Shoals:1 | Noticed Donald
 35724 | Shoals:1 | Killed Donald
 35979 | Shoals:1 | Noticed Jorgrun
 35990 | Shoals:1 | Reached skill level 15 in Necromancy
 35990 | Shoals:1 | Killed Jorgrun
 36293 | Shoals:2 | Noticed Ilsuiw
 36309 | Shoals:2 | Killed Ilsuiw
 36322 | Shoals:2 | Found a frozen archway.
 36324 | Shoals:2 | Found Bangeloz's Magic Scroll Shop.
 36333 | Shoals:2 | Bought a scroll of teleportation for 33 gold pieces
 36333 | Shoals:2 | Bought a scroll of teleportation for 33 gold pieces
 36355 | IceCv    | Entered an ice cave
 36513 | IceCv    | Reached XP level 16. HP: 98/122 MP: 12/30
 38643 | Shoals:3 | Reached skill level 16 in Necromancy
 39975 | Snake:2  | Reached skill level 1 in Translocations
 39985 | Snake:2  | Killed Louise
 40192 | Snake:2  | Your ally Louise died
 40328 | Snake:2  | Killed Asterion
 40681 | Snake:3  | Found Quosiqux's General Store.
 40831 | Snake:3  | Identified Roxanne's Tractate on Forms
 40831 | Snake:3  | Noticed Roxanne
 40840 | Snake:3  | Killed Roxanne
 40915 | Snake:3  | Found Vofyphuytt's Antique Weapon Shop.
 40917 | Snake:3  | Found Taitt's Jewellery Shop.
 40917 | Snake:3  | Found Hynkeam's Jewellery Boutique.
 40922 | Snake:3  | Found Zufal's Distillery.
 41399 | Snake:3  | Reached XP level 17. HP: 99/128 MP: 5/31
 41595 | Snake:3  | Identified the +6 broad axe of Severance {holy, rPois rF-
                  | rC+ Int+5}
 42443 | Snake:3  | Learned a level 2 spell: Blink
 42444 | Snake:4  | Entered Level 4 of the Snake Pit
 42506 | Snake:4  | Reached skill level 5 in Translocations
 42982 | Snake:4  | Learned a level 7 spell: Malign Gateway
 43910 | Snake:4  | Got a serpentine rune of Zot
 43946 | Snake:4  | Reached skill level 10 in Translocations
 43946 | Snake:4  | Reached XP level 18. HP: 134/134 MP: 23/32
 44683 | Shoals:4 | Entered Level 4 of the Shoals
 45256 | Shoals:4 | Got a barnacled rune of Zot
 46017 | Elf:1    | Entered Level 1 of the Elven Halls
 46017 | Elf:1    | Found Hurel's Assorted Antiques.
 46640 | Elf:1    | Paralysed by an air elemental for 1 turns
 46731 | Elf:1    | Identified the +1 robe of Space {Regen+}
 47903 | Elf:1    | Learned a level 7 spell: Spellforged Servitor
 48267 | Shoals:2 | Bought a scroll of amnesia for 44 gold pieces
 48267 | Shoals:2 | Bought a scroll of magic mapping for 82 gold pieces
 48699 | Elf:1    | Learned a level 6 spell: Iron Shot
 49017 | Elf:2    | Identified the +1 robe "Uraschel" {Harm +Blink rF+ Dex+2}
 49165 | Elf:2    | Reached skill level 1 in Earth Magic
 49374 | Elf:2    | Found Afomy's Book Shop.
 49374 | Elf:2    | Found Geyfin's Jewellery Emporium.
 49375 | Elf:2    | Found Sosoir's Jewellery Emporium.
 49439 | Elf:2    | Identified the +2 long sword "Zitzifuc" {vamp, rC+ Dex+4}
 49880 | Elf:2    | Found a runed translucent gate.
 49881 | Elf:2    | Found a runed translucent gate.
 49881 | Elf:2    | Found a runed translucent gate.
 50035 | Elf:3    | Entered Level 3 of the Elven Halls
 50156 | Elf:3    | Paralysed by an air elemental for 1 turns
 50228 | Elf:3    | Reached XP level 19. HP: 143/143 MP: 28/34
 50304 | Elf:3    | Shot with an arrow by a deep elf archer

Illustrated notes

Levels and vault maps discovered:
D:1:      spicycebolla_arrival_xxxplode, layout_basic, kennysheep_flooded_box,
          roderic_lattice_a, chequers_serial_rivers_micro_b
D:2:      layout_basic, hex_intersection
D:3:      layout_loops_ring, nicolae_overflow_hallway_of_the_gods,
          mainiacjoe_overflow_catwalk, uniq_grinder
D:4:      layout_layer_cave, gammafunk_temple_overflow_arena,
          uniq_crazy_yiuf_cottage
D:5:      layout_cave_pools, minmay_temple_entry_tees, serial_shops,
          nicolae_lakefront_shop, nicolae_shop_hallway_stairs,
          nicolae_shop_hallway_plus, serial_co_window_serial,
          co_window_of_opportunity_a, co_window_of_opportunity_a,
          co_window_paths_a, co_window_corner_a, co_window_paths_b,
          co_window_of_opportunity_c, co_window_paths_c,
          co_window_unsneaky_path_a, co_window_of_opportunity_c,
          co_window_corner_b, co_window_corner_b, co_window_of_opportunity_b,
          glass_columns_a, glass_columns_a, glass_columns_a,
          grunt_ministairs_10, amcnicky_mini_pool_small, roderic_three_in_a_row,
          uniq_sigmund, uniq_blork_the_orc
D:6:      layout_layer_cave, nicolae_dithmenos_through_a_glass_darkly,
          hangedman_decor_riveting, uniq_maggie, uniq_eustachio
D:7:      layout_basic, minmay_ruffians
D:8:      layout_gridville, minivault_14
D:9:      layout_basic, lemuel_tele_altar, david_orc_1_choice,
          nicolae_diode_quadrants, uniq_erolcha
D:10:     layout_cave_pools, nicolae_gozag_cash_rules_everything_around_me,
          lair_entry_dummy, uniq_josephine
D:11:     layout_loops_ring, gammafunk_ghost_wrathful_warriors
D:12:     layout_stronghold, muffindrake_ghost_dual_entry, drop_trap, uniq_sonja
D:13:     layout_loops_corners, gammafunk_ghost_smash, minmay_statue_bubble
D:14:     layout_roguey, david_vaults_1, chequers_serial_rivers_micro_c
D:15:     gammafunk_depths_entry_grave, layout_loops_corners, minivault_4,
          minmay_stone_trees_medium
Lair:1:   minmay_lair_oklob_chamber, layout_hall_layers,
          nicolae_lair_lakeside_cave, uniq_grum, uniq_erica, uniq_harold
Lair:2:   beast_lair_carwin_large_2, layout_cave_pods,
          minmay_snake_entry_guardpost_large, grunt_megastairs_4,
          infiniplex_staircase_pool
Lair:3:   layout_cave_pods, minmay_shoals_entry_lonely_mermaid,
          ebering_ghost_inner_flame
Lair:4:   layout_loops_ring, minmay_slime_entry_pillars,
          kennysheep_catoblepas_arena, lemuel_fruit_tree
Lair:5:   evil_forest, layout_hall_layers, gauntlet_entry_generic,
          grunt_megastairs_2
Shoals:1: layout_shoals, serial_shops, shop, uniq_jorgrun, uniq_donald
Shoals:2: layout_shoals, portal_ice_cave_entry_pillars_three, serial_shops,
          shop_scrolls, uniq_ilsuiw
Shoals:3: layout_shoals, hangedman_shoal_volcano
Shoals:4: shoals_end_simple, layout_shoals
Snake:1:  layout_onion, basic_altar, serial_bayou_shore_a, grunt_megastairs_5,
          uniq_aizul
Snake:2:  layout_rooms, serial_shops, freezing_bzr, nicolae_shop_statue_plus,
          shop, uniq_louise, uniq_asterion
Snake:3:  layout_chambers, serial_shops, shop, nicolae_snake_salamander_zone,
          minmay_shoptagon, uniq_roxanne
Snake:4:  grunt_snake_rune_pools, layout_cave_town, grunt_megastairs_3
Orc:1:    layout_caves, mines2_lemuel
Orc:2:    grunt_orc_community_town_hall, layout_diamond_mine,
          grunt_orc_community_big_house_2, grunt_orc_community_big_house_2,
          grunt_orc_community_house_1, grunt_orc_community_house_2,
          grunt_orc_community_house_3, grunt_orc_community_house_2,
          maelrawn_ghost_gauntlet_escape
Elf:1:    layout_geoelf_grid, serial_shops, nicolae_diamond_shop,
          hangedman_elf_disciples, st_stairs_10
Elf:2:    nicolae_elf_blades_crystal_corner, layout_loops_cross,
          minmay_shop_grove, uniq_agnes
Elf:3:    nooodl_elf_gasket, layout_loops_corners, nicolae_shop_vocational

Skill      XL: |  1  2  3  4  5  6  7  8  9 10 11 12 13 14 15 16 17 18 |
---------------+-------------------------------------------------------+-----
Spellcasting   | 3 5 7 8 10 11 | 11.0
Invocations    | 1 2 3 4 5 6 8 9 10 11 12 | 12.6
Conjurations   | 3 4 7 8 |  8.6
Fighting       | 3 4 5 6 7 9 10 11 | 11.1
Necromancy     | 1 3 4 6 8 10 12 13 15 16 | 16.9
Ice Magic      | 3 4 |  4.0
Summonings     | 4 6 8 10 12 13 14 | 14.9
Transmutations | 2 5 |  5.0
Translocations | 3 10 | 10.2
Earth Magic    | 4 |  4.3
Short Blades   | |  2.4
Dodging        | |  1.5

Action                     |  1- 3 |  4- 6 |  7- 9 | 10-12 | 13-15 | 16-18 | 19-21 || total
---------------------------+-------+-------+-------+-------+-------+-------+-------++-------
  Melee: Short sword       |   253 |    34 |    88 |   112 |    62 |     6 |       ||   555
         Punch             |     2 |     1 |    11 |    16 |     6 |     1 |       ||    37
         Dagger            |       |   344 |   418 |   824 |   200 |       |       ||  1786
         Rapier            |       |       |    52 |       |       |       |       ||    52
         Staff             |       |       |       |       |   168 |    70 |       ||   238
   Cast: Kiss of Death     |       |     3 |     3 |     2 |       |       |       ||     8
         Hailstorm         |       |       |     5 |    40 |     6 |       |       ||    51
         Irradiate         |       |       |       |    12 |   183 |    23 |       ||   218
         Animate Dead      |       |       |       |     4 |     7 |     8 |       ||    19
         Haunt             |       |       |       |       |   111 |   362 |     6 ||   479
         Infestation       |       |       |       |       |     1 |    26 |     1 ||    28
         Malign Gateway    |       |       |       |       |       |     5 |       ||     5
         Spellforged Servi |       |       |       |       |       |    13 |     1 ||    14
         Blink             |       |       |       |       |       |     1 |       ||     1
 Invoke: Wall of Briars    |       |       |     6 |    17 |    15 |    25 |     1 ||    64
         Grow Ballistomyce |       |       |     1 |     6 |     2 |       |       ||     9
         Overgrow          |       |       |       |     2 |     4 |     9 |       ||    15
         Grow Oklob        |       |       |       |       |     2 |     2 |       ||     4
  Evoke: Wand              |       |       |     1 |    26 |    16 |     5 |     2 ||    50
         Condenser vane    |       |       |       |     1 |     1 |     1 |       ||     3
         Box of beasts     |       |       |       |       |     2 |       |       ||     2
         Phial of floods   |       |       |       |       |       |     1 |       ||     1
    Use: Scroll            |       |     6 |     4 |    10 |    13 |    11 |     2 ||    46
   Stab: Paralysed         |       |       |       |     7 |       |       |       ||     7
         Distracted        |       |       |       |     1 |     3 |     4 |       ||     8
         Confused          |       |       |       |     1 |       |       |       ||     1
 Armour: Leather armour    |    86 |    53 |   114 |    68 |       |       |       ||   321
         Acid dragon scale |       |       |    67 |    61 |       |       |       ||   128
         Troll leather arm |       |       |       |   124 |       |       |       ||   124
         Robe              |       |       |       |    83 |   266 |    66 |       ||   415
         Steam dragon scal |       |       |       |    12 |       |       |       ||    12
  Dodge: Dodged            |   158 |   171 |   302 |   601 |   337 |   165 |     1 ||  1735

Table legend: (Time is in decaauts)
 A = Elapsed time spent in this place.
 B = Non-inter-level travel time spent in this place.
 C = Inter-level travel time spent in this place.
 D = Time resting spent in this place.
 E = Time spent auto-exploring this place.
 F = Levels seen in this place.
 G = Mean time per level.
                   A        B        C        D        E       F      G
               +--------+--------+--------+--------+--------+-----+--------+
         Total |  50318 |  45522 |   4796 |  11770 |  16346 |  36 | 1397.7 |
       Dungeon |  21812 |  18917 |   2895 |   3741 |   9198 |  15 | 1454.1 |
          Lair |   8951 |   8042 |    909 |   2282 |   3022 |   5 | 1790.2 |
        Shoals |   4637 |   4355 |    282 |   1400 |    938 |   4 | 1159.2 |
     Snake Pit |   6516 |   6212 |    304 |   1607 |   1687 |   4 | 1629.0 |
  Orcish Mines |   2976 |   2779 |    197 |    916 |    597 |   2 | 1488.0 |
   Elven Halls |   3757 |   3551 |    206 |   1357 |    661 |   3 | 1252.3 |
        Bazaar |    140 |    140 |      0 |      0 |     65 |   1 |  140.0 |
      Ice Cave |   1141 |   1141 |      0 |    407 |     69 |   1 | 1141.0 |
      Gauntlet |    384 |    384 |      0 |     60 |    108 |   1 |  384.0 |
               +--------+--------+--------+--------+--------+-----+--------+

Top non-repeatable levels by time:
     D:9: 2984 daAuts
   Elf:1: 2511 daAuts
    D:13: 2100 daAuts
  Lair:1: 2075 daAuts
Shoals:3: 2031 daAuts
 Snake:3: 2012 daAuts
 Snake:4: 1931 daAuts
     D:6: 1916 daAuts
  Lair:2: 1894 daAuts
     D:7: 1793 daAuts
  Lair:3: 1763 daAuts
    D:14: 1654 daAuts
   Orc:2: 1653 daAuts
  Lair:4: 1643 daAuts
    D:12: 1636 daAuts
